 Dungeon Crawl Stone Soup version 0.26-a0-1147-g3780a7a11b (webtiles) character file.

Game seed: 16920261035927837538

202 voltaire321 the Skirmisher (level 5, -1/34 HPs)
             Began as a Gargoyle Fighter on Dec 22, 2020.
             Killed by nerve-wracking pain
             ... invoked by an orc priest
              (6 damage)
             ... on level 3 of the Dungeon.
             The game lasted 00:04:54 (2141 turns).

voltaire321 the Skirmisher (Gargoyle Fighter)       Turns: 2141, Time: 00:04:55

Health: -1/34      AC: 12    Str: 20    XL:     5   Next: 80%
Magic:  5/5        EV:  7    Int:  9    God:
Gold:   115        SH:  9    Dex:  9    Spells: 4/4 levels left

rFire    . . .     SeeInvis .   a - +0 flail
rCold    . . .     Faith    .   c - +0 kite shield
rNeg     + . .     Spirit   .   b - +0 scale mail
rPois    ∞         Reflect  .   (no helmet)
rElec    +         Harm     .   (no cloak)
rCorr    .         Rampage  .   l - +0 pair of gloves
Will     .....                  (no boots)
Stlth    ..........             (no amulet)
HPRegen  0.11/turn              (no ring)
MPRegen  0.09/turn              (no ring)

@: no status effects
A: negative energy resistance 1, electricity resistance, unbreathing,
petrification resistance, miasma immunity, AC +4
a: no special abilities


You were on level 3 of the Dungeon.
You visited 1 branch of the dungeon, and saw 3 of its levels.

You collected 115 gold pieces.

Inventory:

Hand Weapons
 a - a +0 flail (weapon)
Armour
 b - a +0 scale mail (worn)
 c - a +0 kite shield (worn)
 l - a +0 pair of gloves (worn)
Scrolls
 e - a scroll of fog {unknown}
 g - 2 scrolls of teleportation {unknown}
 h - a scroll of immolation {unknown}
 i - 3 scrolls of identify {unknown}
 j - a scroll of enchant armour {unknown}
 k - 2 scrolls of magic mapping {unknown}
 m - a scroll of noise {unknown}
 n - a scroll of fear {unknown}
 r - a scroll of amnesia {unknown}
 t - a scroll of remove curse {unknown}
Potions
 d - a potion of might
 f - 3 potions of curing {unknown}
 o - 2 potions of mutation {unknown}
 p - 2 potions of flight {unknown}
 q - a potion of berserk rage {unknown}
 s - a potion of heal wounds {unknown}
 u - a potion of haste {unknown}
 v - a potion of invisibility


   Skills:
 + Level 4.4 Fighting
 + Level 3.3 Maces & Flails
 + Level 4.4 Armour
 + Level 4.4 Shields


You had 4 spell levels left.
You didn't know any spells.
Your spell library contained the following spells:

 Spells                   Type           Power        Failure   Level
 Animate Skeleton         Necr           0%           99%         1
 Apportation              Tloc           0%           99%         1
 Corona                   Hex            0%           99%         1
 Summon Small Mammal      Summ           0%           99%         1


Dungeon Overview and Level Annotations

Branches:
Dungeon (3/15)

Altars:


Innate Abilities, Weirdness & Mutations

You are resistant to torment.
Your stone body is resilient. (AC +4)
You are immune to poison.
You resist negative energy. (rN+)
You are resistant to electric shocks. (rElec)
You can survive without breathing.
You are immune to petrification.
You are immune to miasma.


Message History

You barely miss the orc priest.
The orc priest mumbles some strange prayers to Beogh against you.
Beogh smites you!
* * * LOW HITPOINT WARNING * * *
You closely miss the orc priest. The orc priest completely misses you.
You sock the orc priest!
The orc priest is heavily wounded.
The orc priest hits you with a +0 flail.
* * * LOW HITPOINT WARNING * * *
You barely miss the orc priest.
The orc priest is heavily wounded.
You block the orc priest's attack.
You hit the orc priest.
The orc priest is severely wounded.
You block the orc priest's attack.
You barely miss the orc priest.
The orc priest is severely wounded.
The orc priest invokes the aid of Beogh against you.
Pain shoots through your body!
You die...

####.##### # #...# #.#.#
####.#.#### ##....#....#
..#######.# #....#....#
...#####.##.#....####...
.....oo@....#.......'...
...#.###.##......####...
#.##..##.## #.##...#.#
..##.#.#.# ####.#.#.#
#.#.#.# #.....# .......


You could see an orc priest and an orc.

Vanquished Creatures
  An orc priest (D:3)
  Natasha (thrice) (D:3)
  A worker ant (D:3)
  An adder (D:2)
  3 worms
  4 dart slugs
  A leopard gecko (D:1)
  2 orcs (D:3)
  4 giant cockroaches (D:1)
  6 goblins
  4 hobgoblins
  A quokka (D:2)
  6 bats
  2 frilled lizards
  9 kobolds
  9 rats
57 creatures vanquished.

Notes
Turn   | Place    | Note
-------+----------+-------------------------------------------
     0 | D:1      | voltaire321 the Gargoyle Fighter began the quest for the
                  | Orb.
     0 | D:1      | Reached XP level 1. HP: 14/14 MP: 1/1
   170 | D:1      | Reached XP level 2. HP: 19/19 MP: 2/2
   357 | D:1      | Reached XP level 3. HP: 23/23 MP: 3/3
  1167 | D:2      | Reached XP level 4. HP: 28/29 MP: 4/4
  1701 | D:3      | Noticed Natasha
  1710 | D:3      | Killed Natasha
  1765 | D:3      | Noticed Natasha
  1777 | D:3      | Killed Natasha
  1778 | D:3      | Reached XP level 5. HP: 20/33 MP: 5/5
  2074 | D:3      | Noticed Natasha
  2087 | D:3      | Killed Natasha
  2141 | D:3      | Killed from afar by an orc priest

Illustrated notes

Levels and vault maps discovered:
D:1:      dpeg_arrival_arbitrary_b, layout_loops_ring
D:2:      layout_loops_ring, minmay_small_reverse_x
D:3:      layout_loops_corners, lemuel_crystal_altar, uniq_natasha

Skill      XL: |  1  2  3  4 |
---------------+-------------+-----
Fighting       | 4 |  4.4
Armour         | 4 |  4.4
Shields        | 4 |  4.4
Maces & Flails | 3 |  3.3

Action                   |  1- 3 |  4- 6 || total
-------------------------+-------+-------++-------
Melee: Flail             |   137 |    79 ||   216
Armor: Scale mail        |    77 |    27 ||   104
Dodge: Dodged            |    49 |    18 ||    67
Block: Kite shield       |    81 |    27 ||   108

Table legend: (Time is in decaauts)
 A = Elapsed time spent in this place.
 B = Non-inter-level travel time spent in this place.
 C = Inter-level travel time spent in this place.
 D = Time resting spent in this place.
 E = Time spent auto-exploring this place.
 F = Levels seen in this place.
 G = Mean time per level.
                   A        B        C        D        E       F      G
               +--------+--------+--------+--------+--------+-----+--------+
         Total |   2221 |   2183 |     38 |    282 |   1302 |   3 |  740.3 |
       Dungeon |   2221 |   2183 |     38 |    282 |   1302 |   3 |  740.3 |
               +--------+--------+--------+--------+--------+-----+--------+

Top non-repeatable levels by time:
     D:2: 934 daAuts
     D:1: 822 daAuts
     D:3: 464 daAuts
